 Dungeon Crawl Stone Soup version 0.28.0 (webtiles) character file.

Game seed: 3615788042069099894

72 Hasart the Covered (level 3, -6/31 HPs)
             Began as a Demigod Fighter on Feb 12, 2022.
             Killed by divine providence
             ... invoked by an orc priest
              (14 damage)
             ... on level 3 of the Dungeon.
             The game lasted 00:01:58 (1796 turns).

Hasart the Covered (Demigod Fighter)                Turns: 1796, Time: 00:02:00

Health: -6/31      AC:  7    Str: 17    XL:     3   Next: 80%
Magic:  5/5        EV:  9    Int: 10    God:
Gold:   84         SH:  5    Dex: 17    Spells: 2/2 levels left

rFire   . . .      SeeInvis .   a - +0 long sword
rCold   . . .      Faith    .   c - +0 buckler
rNeg    . . .      Spirit   .   b - +0 scale mail
rPois   .          Reflect  .   (no helmet)
rElec   .          Harm     .   h - +0 cloak
rCorr   +          Rampage  .   (no gloves)
Will    .....                   (no boots)
Stlth   ..........              (no amulet)
HPRegen 0.10/turn               j - ring of resist corrosion
MPRegen 0.09/turn               (no ring)

@: no status effects
A: high MP 1, forlorn, divine attributes
a: no special abilities


You were on level 3 of the Dungeon.
You visited 1 branch of the dungeon, and saw 3 of its levels.

You collected 84 gold pieces.

Inventory:

Hand Weapons
 a - a +0 long sword (weapon)
Missiles
 g - 4 javelins
 l - 4 poisoned darts (quivered)
Armour
 b - a +0 scale mail (worn)
 c - a +0 buckler (worn)
 h - a +0 cloak (worn)
Jewellery
 j - a ring of resist corrosion (left hand)
Wands
 o - a wand of flame (3)
Scrolls
 e - a scroll of identify {unknown}
 f - a scroll of fear {unknown}
 k - a scroll of immolation {unknown}
 n - a scroll of vulnerability {unknown}
Potions
 d - a potion of might
 i - a potion of cancellation {unknown}
 m - a potion of mutation {unknown}


   Skills:
 + Level 3.0 Fighting
 * Level 2.7 Long Blades
 + Level 0.2 Throwing
 + Level 3.0 Armour
 + Level 1.0 Dodging
 + Level 3.0 Shields
 + Level 0.0 Evocations


You had 2 spell levels left.
You didn't know any spells.
Your spell library contained the following spells:

 Spells                   Type           Power      Damage    Failure   Level
 Ensorcelled Hibernation  Hex/Ice        0%         N/A       94%         2
 Passwall                 Tmut/Erth      0%         N/A       94%         2
 Inner Flame              Hex/Fire       0%         N/A       99%         3
 Swiftness                Air            0%         N/A       99%         3
 Cause Fear               Hex            0%         N/A       100%        4
 Discord                  Hex            0%         N/A       100%        8


Dungeon Overview and Level Annotations

Branches:
Dungeon (3/15)


Innate Abilities, Weirdness & Mutations

You have an increased reservoir of magic. (+10% MP)
You shall have no god before yourself.
Your divine heritage dramatically boosts your attributes as you level up.


Message History

You slash the rat!
You kill the rat!
No target in view!
No target in view!
No target in view!
No target in view!
No target in view!
No target in view!
No target in view!
No target in view!
No target in view!
No target in view!
Okay, then.
Found 9 stones.
An orc wizard comes into view. It is wielding a +0 dagger.
The orc wizard shouts!
You hear a shout!
An orc wizard is nearby!
An orc comes into view. It is wielding a +0 war axe.
The orc shouts!
An orc comes into view.
It is wielding a +0 flail of holy wrath.
An orc priest comes into view. It is wielding a +0 club.
The orc priest shouts!
The orc wizard points at you and mumbles some strange words.
The magic dart hits you!
You barely miss the orc wizard.
The orc wizard hits you with a +0 dagger.
You closely miss the orc wizard.
The orc wizard hits you with a +0 dagger.
The orc barely misses you.
The orc priest begins to cast a cantrip, but forgets the words!
The orc wizard hits you with a +0 dagger.
You block the orc's attack.
You are too injured to fight recklessly!
Unknown command.
The orc wizard points at you and mumbles some strange words.
The magic dart hits you.
* * * LOW HITPOINT WARNING * * *
The orc priest calls down the wrath of Beogh upon you.
Beogh smites you!
You die...

......#.#.###.#
..##........#.######...
. #....#...#..........
##.#.....#..........
#...#.###..........
##..#..............
#..#..##.....(....
##.#..#........#
#...@##o......##
##.†..oo.o......+
#..###.###.##### ##.#
#... ... #[. #....####
... #....# ... #....#
#....#..... ... ..#...#


You could see an orc priest, an orc wizard and an orc.

Vanquished Creatures
  2 adders (D:2)
  3 worms (D:2)
  A dart slug (D:1)
  3 ball pythons
  5 bats (D:1)
  2 endoplasms
  2 giant cockroaches
  3 jackals (D:1)
  3 quokkas (D:1)
  A frilled lizard (D:1)
  6 goblins
  3 kobolds
  10 rats
44 creatures vanquished.

Notes
Turn   | Place    | Note
-------+----------+-------------------------------------------
     0 | D:1      | Hasart the Demigod Fighter began the quest for the Orb.
     0 | D:1      | Reached XP level 1. HP: 18/18 MP: 3/3
   312 | D:1      | Reached XP level 2. HP: 21/25 MP: 4/4
  1213 | D:2      | Reached XP level 3. HP: 30/30 MP: 5/5
  1404 | D:2      | Reached skill level 1 in Dodging
  1796 | D:3      | Killed from afar by an orc priest

Illustrated notes

Levels and vault maps discovered:
D:1:      dpeg_arrival_windows_large_door, layout_basic,
          nicolae_ecumenical_lake_church, chequers_decorated_corner
D:2:      layout_rooms
D:3:      minmay_angry_zag, layout_basic

Skill      XL: |  1  2  3 |
---------------+----------+-----
Long Blades    | 2 |  2.7
Armour         | 3 |  3.0
Dodging        | 1 |  1.0
Shields        | 3 |  3.0
Fighting       | 3 |  3.0
Throwing       | |  0.2

Action                   || total
-------------------------++-------
Melee: Long sword        ||   131
Armor: Scale mail        ||    66
Dodge: Dodged            ||    56
Block: Buckler           ||    27
